General information
- name: BNet
- type: Ladder team game (AT/RT)
- host: Battle.net
- saver: dumb_retard
map: FullScaleAssault
- players: 8
- length: 42:36
- speed: Fast
- version: 1.24 W3XP
- replay type: Public
» download(260 KB)
Players
team 1 (loser)
Commandz (
teal | 67 APM | 2333 actions | 34:43)
5 Far Seer
2 Feral Spirit
3 Chain Lighting
3 Shadow Hunter
1 Hex
2 Healing Wave
3 Tauren Chieftain
2 Endurance Aura
1 Shockwave
1 Blood Mage
1 Summon Phoenix
» actions
| Assign group hotkey | 26 | |
| Basic commands | 67 | |
| Build / train | 81 | |
| ESC pressed | 3 | |
| Enter build submenu | 29 | |
| Enter hero's abilities submenu | 13 | |
| Remove unit from queue | 2 | |
| Right click | 743 | |
| Select / deselect | 366 | |
| Select group hotkey | 863 | |
| Use ability | 140 | |
2333 total
» units
| Peon | 12 | |
| Grunt | 2 | |
| Goblin Shredder | 1 | |
| Raider | 2 | |
| Tauren | 5 | |
| Shaman | 3 | |
| Troll Witch Doctor | 3 | |
| Spirit Walker | 2 | |
| Gryphon Rider | 3 | |
| Siege Engine | 1 | |
| Troll Batrider | 5 | |
| Goblin Zeppelin | 1 | |
40 total
» upgrades
| Ensnare | 1 | |
| Shaman Training | 2 | |
| Witch Doctor Training | 2 | |
| Pulverize | 1 | |
| Armor | 3 | |
| Reinforced Defenses | 1 | |
| Spiked Barricades | 1 | |
| Spirit Walker Training | 2 | |
| Melee Weapons | 1 | |
| Barrage | 1 | |
15 total
» buildings
| Altar of Storms | 1 | |
| Orc Burrow | 8 | |
| Barracks | 1 | |
| Stronghold | 1 | |
| War Mill | 1 | |
| Beastiary | 5 | |
| Voodoo Lounge | 2 | |
| Fortress | 3 | |
| Tauren Totem | 3 | |
| Spirit Lodge | 3 | |
| Workshop | 3 | |
| Town Hall | 1 | |
32 total
» build order
00:07 Altar of Storms
00:10 Orc Burrow
01:14 Barracks
02:53 Stronghold
04:47 War Mill
06:01 Beastiary
06:02 Beastiary
06:04 Beastiary
06:05 Beastiary
07:05 Voodoo Lounge
07:50 Orc Burrow
07:53 Orc Burrow
07:57 Orc Burrow
09:18 Fortress
09:18 Fortress
09:19 Fortress
09:58 Orc Burrow
11:43 Tauren Totem
11:52 Tauren Totem
11:55 Tauren Totem
12:47 Orc Burrow
14:37 Spirit Lodge
14:55 Spirit Lodge
16:38 Orc Burrow
16:41 Orc Burrow
17:08 Spirit Lodge
27:18 Workshop
27:20 Workshop
27:21 Workshop
28:45 Town Hall
30:39 Beastiary
30:45 Voodoo Lounge
» items
| Boots of Speed | 1 | |
| Staff of Teleportation | 1 | |
| Lesser Clarity Potion | 1 | |
| Healing Salve | 1 | |
| Tiny Great Hall | 1 | |
5 total
iliveinjersey (
blue | 44 APM | 1589 actions | 36:30)
5 Blademaster
3 Wind Walk
2 Critical Strike
» actions
| Assign group hotkey | 10 | |
| Basic commands | 1 | |
| Build / train | 80 | |
| Enter build submenu | 19 | |
| Enter hero's abilities submenu | 5 | |
| Give item / drop item | 1 | |
| Remove unit from queue | 1 | |
| Right click | 967 | |
| Select / deselect | 348 | |
| Select group hotkey | 40 | |
| Use ability | 117 | |
1589 total
» units
| Peon | 14 | |
| Troll Batrider | 16 | |
| Tauren | 9 | |
| Shaman | 10 | |
49 total
» upgrades
| Ranged Weapons | 3 | |
| Armor | 3 | |
| Liquid Fire | 1 | |
| Shaman Training | 2 | |
| Pulverize | 1 | |
| Melee Weapons | 2 | |
12 total
» buildings
| Altar of Storms | 1 | |
| Orc Burrow | 8 | |
| War Mill | 1 | |
| Voodoo Lounge | 1 | |
| Stronghold | 1 | |
| Fortress | 1 | |
| Beastiary | 2 | |
| Great Hall | 2 | |
| Spirit Lodge | 1 | |
| Tauren Totem | 2 | |
20 total
» build order
00:02 Altar of Storms
00:05 Orc Burrow
01:33 War Mill
01:37 Voodoo Lounge
01:57 Orc Burrow
03:03 Stronghold
03:09 Orc Burrow
04:11 Orc Burrow
05:27 Fortress
05:32 Beastiary
05:33 Beastiary
07:12 Orc Burrow
10:07 Great Hall
12:08 Spirit Lodge
14:09 Tauren Totem
16:10 Tauren Totem
17:07 Orc Burrow
20:05 Orc Burrow
22:56 Orc Burrow
34:23 Great Hall
» items
| Lesser Clarity Potion | 3 | |
| Scroll of Speed | 2 | |
| Healing Salve | 2 | |
| Boots of Speed | 1 | |
| Orb of Lightning | 1 | |
9 total
Cirelda (
purple | 35 APM | 675 actions | 19:20)
5 Blood Mage
2 Flame Strike
2 Banish
1 Siphon Mana
» actions
| Assign group hotkey | 5 | |
| Basic commands | 65 | |
| Build / train | 74 | |
| Enter build submenu | 20 | |
| Enter hero's abilities submenu | 5 | |
| Right click | 200 | |
| Select / deselect | 229 | |
| Select group hotkey | 20 | |
| Use ability | 57 | |
675 total
» units
| Peasant | 17 | |
| Footman | 14 | |
| Gryphon Rider | 19 | |
| Dragonhawk Rider | 4 | |
54 total
» upgrades
| Masonry | 1 | |
| Lumber Harvesting | 1 | |
| Swords | 3 | |
| Armor | 2 | |
| Animal War Training | 1 | |
| Storm Hammers | 1 | |
| Cloud | 1 | |
10 total
» buildings
| Altar of Kings | 1 | |
| Farm | 15 | |
| Barracks | 1 | |
| Arcane Vault | 2 | |
| Keep | 1 | |
| Lumber Mill | 1 | |
| Blacksmith | 1 | |
| Scout Tower | 5 | |
| Guard Tower | 2 | |
| Gryphon Aviary | 4 | |
| Town Hall | 1 | |
| Castle | 1 | |
35 total
» build order
00:06 Altar of Kings
00:45 Farm
00:59 Barracks
01:16 Farm
01:54 Arcane Vault
03:27 Keep
03:30 Lumber Mill
03:36 Blacksmith
04:18 Farm
04:20 Farm
04:21 Farm
04:44 Scout Tower
04:44 Scout Tower
04:45 Scout Tower
04:46 Scout Tower
06:02 Guard Tower
06:22 Guard Tower
06:57 Gryphon Aviary
06:58 Gryphon Aviary
07:02 Gryphon Aviary
07:54 Town Hall
08:08 Castle
09:08 Gryphon Aviary
11:56 Farm
11:57 Farm
11:58 Farm
11:59 Farm
12:02 Farm
13:57 Farm
13:58 Farm
dIOS-lORIeN (
red | 50 APM | 2137 actions | 42:34)
5 Blood Mage
3 Flame Strike
2 Siphon Mana
5 Archmage
3 Blizzard
2 Brilliance Aura
5 Pit Lord
2 Rain of Fire
3 Cleaving Attack
1 Shadow Hunter
1 Hex
» actions
| Build / train | 120 | |
| Enter build submenu | 32 | |
| Enter hero's abilities submenu | 16 | |
| Remove unit from queue | 6 | |
| Right click | 1194 | |
| Select / deselect | 682 | |
| Use ability | 86 | |
2137 total
» units
| Peasant | 37 | |
| Priest | 8 | |
| Goblin Zeppelin | 1 | |
| Blue Dragon Whelp | 1 | |
| Blue Drake | 1 | |
| Siege Engine | 4 | |
| Flying Machine | 24 | |
| Gryphon Rider | 3 | |
79 total
» upgrades
| Lumber Harvesting | 2 | |
| Gunpowder | 3 | |
| Plating | 3 | |
| Priest Training | 2 | |
| Barrage | 1 | |
| Flak Cannons | 1 | |
| Flying Machine Bombs | 1 | |
| Sorceress Training | 1 | |
14 total
» buildings
| Farm | 14 | |
| Keep | 1 | |
| Altar of Kings | 1 | |
| Lumber Mill | 3 | |
| Castle | 1 | |
| Arcane Sanctum | 2 | |
| Town Hall | 5 | |
| Blacksmith | 1 | |
| Workshop | 4 | |
32 total
» build order
01:19 Farm
01:28 Keep
01:55 Altar of Kings
02:01 Lumber Mill
03:06 Farm
04:41 Castle
04:53 Farm
05:57 Arcane Sanctum
06:47 Farm
08:06 Town Hall
10:20 Town Hall
11:00 Blacksmith
11:35 Town Hall
12:55 Workshop
12:58 Workshop
13:14 Farm
13:18 Arcane Sanctum
14:34 Workshop
14:37 Workshop
14:47 Farm
14:55 Lumber Mill
15:03 Lumber Mill
15:28 Farm
15:50 Farm
15:52 Farm
16:17 Farm
16:25 Farm
16:59 Farm
17:16 Farm
17:23 Farm
29:01 Town Hall
34:47 Town Hall
team 2 (winner)
dumb_retard (
orange | 60 APM | 2558 actions | 42:36)
10 Blood Mage
3 Flame Strike
3 Siphon Mana
1 Summon Phoenix
3 Banish
» actions
| Assign group hotkey | 40 | |
| Basic commands | 59 | |
| Build / train | 124 | |
| ESC pressed | 8 | |
| Enter build submenu | 67 | |
| Enter hero's abilities submenu | 10 | |
| Give item / drop item | 2 | |
| Right click | 982 | |
| Select / deselect | 416 | |
| Select group hotkey | 565 | |
| Use ability | 285 | |
2558 total
» units
| Peasant | 22 | |
| Goblin Shredder | 2 | |
| Goblin Zeppelin | 2 | |
| Gryphon Rider | 3 | |
29 total
» upgrades
| Masonry | 3 | |
| Lumber Harvesting | 2 | |
| Armor | 3 | |
| Swords | 3 | |
| Magic Sentry | 1 | |
| Storm Hammers | 1 | |
| Gunpowder | 1 | |
14 total
» buildings
| Farm | 12 | |
| Altar of Kings | 1 | |
| Scout Tower | 129 | |
| Arcane Tower | 1 | |
| Lumber Mill | 3 | |
| Keep | 3 | |
| Guard Tower | 49 | |
| Town Hall | 2 | |
| Castle | 1 | |
| Blacksmith | 1 | |
| Arcane Sanctum | 1 | |
| Gryphon Aviary | 6 | |
209 total
» build order
00:07 Farm
00:12 Altar of Kings
00:44 Scout Tower
00:54 Farm
01:13 Arcane Tower
01:35 Lumber Mill
02:26 Farm
03:01 Keep
03:02 Keep
03:38 Lumber Mill
03:40 Lumber Mill
04:34 Scout Tower
04:35 Scout Tower
04:36 Scout Tower
05:02 Guard Tower
05:08 Scout Tower
05:10 Scout Tower
05:12 Town Hall
05:14 Scout Tower
05:15 Scout Tower
05:28 Guard Tower
06:30 Guard Tower
06:50 Guard Tower
06:53 Scout Tower
06:53 Scout Tower
06:54 Scout Tower
07:27 Farm
07:36 Guard Tower
07:44 Scout Tower
07:45 Scout Tower
07:46 Scout Tower
07:46 Scout Tower
07:48 Scout Tower
07:49 Scout Tower
07:50 Scout Tower
07:51 Scout Tower
07:52 Scout Tower
07:52 Scout Tower
07:53 Scout Tower
07:56 Scout Tower
07:57 Scout Tower
07:58 Scout Tower
07:58 Scout Tower
07:59 Scout Tower
08:00 Scout Tower
08:01 Scout Tower
08:02 Scout Tower
08:02 Scout Tower
08:03 Scout Tower
08:05 Scout Tower
08:05 Scout Tower
08:06 Scout Tower
08:07 Scout Tower
08:08 Scout Tower
08:09 Scout Tower
08:14 Guard Tower
08:23 Guard Tower
08:24 Scout Tower
08:24 Scout Tower
08:47 Guard Tower
08:56 Guard Tower
09:06 Guard Tower
09:18 Guard Tower
09:22 Guard Tower
09:22 Guard Tower
09:42 Guard Tower
09:42 Guard Tower
09:56 Guard Tower
09:59 Castle
10:03 Blacksmith
10:10 Scout Tower
10:11 Scout Tower
10:11 Scout Tower
10:11 Scout Tower
10:12 Scout Tower
10:12 Scout Tower
10:14 Scout Tower
10:40 Guard Tower
10:53 Guard Tower
11:28 Guard Tower
11:29 Scout Tower
11:30 Scout Tower
11:30 Scout Tower
11:31 Scout Tower
11:33 Scout Tower
11:34 Scout Tower
11:34 Scout Tower
11:35 Scout Tower
11:40 Guard Tower
12:03 Scout Tower
12:04 Scout Tower
12:04 Scout Tower
12:05 Scout Tower
12:05 Scout Tower
12:06 Scout Tower
12:15 Scout Tower
12:15 Scout Tower
12:16 Scout Tower
12:17 Scout Tower
12:18 Scout Tower
12:24 Guard Tower
12:29 Guard Tower
12:54 Guard Tower
13:16 Guard Tower
13:22 Guard Tower
13:28 Guard Tower
13:44 Guard Tower
13:46 Scout Tower
13:47 Scout Tower
13:48 Scout Tower
13:48 Scout Tower
14:02 Guard Tower
14:09 Arcane Sanctum
14:18 Guard Tower
14:49 Scout Tower
14:49 Scout Tower
14:50 Scout Tower
14:51 Scout Tower
14:53 Scout Tower
14:54 Scout Tower
15:03 Guard Tower
15:05 Scout Tower
15:06 Scout Tower
15:06 Scout Tower
15:07 Scout Tower
15:08 Scout Tower
15:10 Scout Tower
15:34 Scout Tower
15:34 Scout Tower
15:37 Guard Tower
15:39 Scout Tower
15:39 Scout Tower
15:40 Scout Tower
15:41 Scout Tower
15:42 Scout Tower
15:42 Scout Tower
15:45 Guard Tower
15:45 Guard Tower
15:50 Guard Tower
15:52 Guard Tower
16:10 Guard Tower
16:31 Guard Tower
17:06 Guard Tower
17:08 Scout Tower
17:09 Scout Tower
17:09 Scout Tower
17:11 Scout Tower
17:12 Scout Tower
17:12 Scout Tower
17:19 Guard Tower
17:22 Guard Tower
17:25 Scout Tower
17:25 Scout Tower
18:03 Guard Tower
18:08 Guard Tower
18:16 Guard Tower
19:16 Scout Tower
19:17 Scout Tower
19:18 Scout Tower
19:18 Scout Tower
19:19 Scout Tower
19:19 Scout Tower
19:31 Scout Tower
19:31 Scout Tower
19:32 Scout Tower
19:32 Scout Tower
21:02 Guard Tower
21:05 Gryphon Aviary
21:43 Gryphon Aviary
21:43 Gryphon Aviary
21:43 Gryphon Aviary
21:46 Gryphon Aviary
21:47 Gryphon Aviary
22:22 Farm
22:22 Farm
22:23 Farm
22:24 Farm
22:25 Farm
22:25 Farm
22:25 Farm
23:47 Guard Tower
25:46 Town Hall
26:06 Guard Tower
34:13 Scout Tower
34:13 Scout Tower
34:14 Scout Tower
34:15 Scout Tower
34:16 Scout Tower
34:17 Scout Tower
34:17 Scout Tower
34:18 Scout Tower
34:19 Scout Tower
34:19 Scout Tower
34:20 Scout Tower
34:21 Scout Tower
34:21 Scout Tower
34:22 Scout Tower
34:22 Scout Tower
34:23 Scout Tower
34:23 Scout Tower
34:24 Scout Tower
34:24 Scout Tower
34:25 Scout Tower
40:23 Guard Tower
40:25 Guard Tower
» items
| Staff of Teleportation | 1 | |
| Boots of Speed | 1 | |
| Potion of Invisibility | 2 | |
| Scroll of Town Portal | 7 | |
| Orb of Corruption | 1 | |
| Dust of Appearance | 1 | |
| Scroll of Healing | 1 | |
| Scroll of Protection | 2 | |
16 total
Vito (
green | 30 APM | 1269 actions | 42:35)
6 Death Knight
3 Death Coil
2 Unholy Aura
1 Animate Dead
5 Dreadlord
3 Vampiric Aura
2 Sleep
4 Dark Ranger
2 Silence
2 Life Drain
» actions
| Assign group hotkey | 28 | |
| Basic commands | 4 | |
| Build / train | 105 | |
| Enter build submenu | 39 | |
| Enter hero's abilities submenu | 15 | |
| Give item / drop item | 3 | |
| Remove unit from queue | 2 | |
| Right click | 356 | |
| Select / deselect | 365 | |
| Select group hotkey | 269 | |
| Use ability | 83 | |
1269 total
» units
| Acolyte | 12 | |
| Ghoul | 7 | |
| Crypt Fiend | 17 | |
| Goblin Zeppelin | 2 | |
| Obsidian Statue | 2 | |
| Banshee | 3 | |
| Frost Wyrm | 6 | |
49 total
» upgrades
| Creature Carapace | 3 | |
| Creature Attack | 3 | |
| Web | 1 | |
| Skeletal Longevity | 1 | |
| Necromancer Training | 1 | |
| Skeletal Mastery | 1 | |
| Exhume Corpses | 1 | |
| Banshee Training | 2 | |
| Freezing Breath | 1 | |
14 total
» buildings
| Graveyard | 2 | |
| Ziggurat | 16 | |
| Altar of Darkness | 2 | |
| Crypt | 3 | |
| Nerubian Tower | 7 | |
| Tomb of Relics | 2 | |
| Halls of the Dead | 2 | |
| Spirit Tower | 8 | |
| Black Citadel | 2 | |
| Sacrificial Pit | 2 | |
| Slaughterhouse | 1 | |
| Temple of the Damned | 1 | |
| Necropolis | 2 | |
| Boneyard | 2 | |
52 total
» build order
00:10 Graveyard
00:14 Ziggurat
00:48 Altar of Darkness
01:09 Crypt
01:15 Nerubian Tower
01:43 Tomb of Relics
01:51 Ziggurat
04:11 Halls of the Dead
04:58 Ziggurat
05:03 Ziggurat
05:55 Spirit Tower
05:56 Nerubian Tower
07:20 Black Citadel
07:31 Sacrificial Pit
08:05 Spirit Tower
08:12 Ziggurat
08:17 Ziggurat
10:07 Slaughterhouse
10:35 Nerubian Tower
10:37 Spirit Tower
13:06 Ziggurat
13:07 Ziggurat
13:07 Ziggurat
13:11 Ziggurat
13:54 Temple of the Damned
14:08 Spirit Tower
14:09 Nerubian Tower
14:15 Nerubian Tower
15:05 Spirit Tower
15:08 Ziggurat
15:10 Ziggurat
16:55 Crypt
23:42 Necropolis
23:50 Ziggurat
25:47 Altar of Darkness
25:48 Halls of the Dead
25:55 Crypt
26:53 Nerubian Tower
29:03 Black Citadel
29:32 Sacrificial Pit
29:39 Nerubian Tower
29:44 Graveyard
29:49 Necropolis
30:57 Ziggurat
30:57 Ziggurat
31:48 Boneyard
31:50 Boneyard
31:55 Spirit Tower
31:57 Spirit Tower
33:08 Tomb of Relics
33:12 Ziggurat
34:12 Spirit Tower
» items
| Orb of Corruption | 2 | |
| Scroll of Town Portal | 3 | |
5 total
Tropelet (
pink | 30 APM | 1294 actions | 42:35)
7 Dark Ranger
3 Life Drain
3 Black Arrow
1 Charm
2 Goblin Alchemist
2 Healing Spray
» actions
| Build / train | 71 | |
| Enter build submenu | 33 | |
| Enter hero's abilities submenu | 9 | |
| Give item / drop item | 1 | |
| Remove unit from queue | 1 | |
| Right click | 704 | |
| Select / deselect | 422 | |
| Use ability | 53 | |
1294 total
» units
| Wisp | 16 | |
| Archer | 9 | |
| Hippogryph | 15 | |
| Druid of the Talon | 4 | |
| Goblin Zeppelin | 1 | |
45 total
» upgrades
| Strength of the Wild | 3 | |
| Reinforced Hides | 5 | |
| Druid of the Talon Training | 2 | |
10 total
» buildings
| Altar of Elders | 2 | |
| Moon Well | 10 | |
| Ancient of War | 2 | |
| Hunter's Hall | 1 | |
| Tree of Ages | 1 | |
| Tree of Life | 2 | |
| Ancient of Wind | 4 | |
| Tree of Eternity | 1 | |
| Ancient of Wonders | 1 | |
| Ancient Protector | 1 | |
25 total
» build order
00:06 Altar of Elders
00:11 Altar of Elders
00:13 Moon Well
01:00 Ancient of War
02:05 Moon Well
02:24 Hunter's Hall
02:38 Moon Well
03:57 Tree of Ages
06:09 Tree of Life
06:24 Ancient of Wind
06:25 Ancient of Wind
06:26 Ancient of Wind
06:38 Tree of Life
07:00 Ancient of Wind
08:19 Tree of Eternity
13:41 Moon Well
13:42 Moon Well
14:42 Moon Well
14:47 Ancient of Wonders
17:05 Moon Well
18:28 Moon Well
20:07 Ancient Protector
32:28 Ancient of War
40:10 Moon Well
40:19 Moon Well
» items
JoRDaN23 (
yellow | 41 APM | 1755 actions | 42:34)
6 Demon Hunter
3 Mana Burn
2 Immolation
1 Metamorphosis
» actions
| Assign group hotkey | 28 | |
| Basic commands | 8 | |
| Build / train | 91 | |
| ESC pressed | 3 | |
| Enter build submenu | 44 | |
| Enter hero's abilities submenu | 6 | |
| Give item / drop item | 1 | |
| Right click | 518 | |
| Select / deselect | 491 | |
| Select group hotkey | 495 | |
| Use ability | 70 | |
1755 total
» units
| Wisp | 35 | |
| Archer | 8 | |
| Hippogryph | 4 | |
| Druid of the Talon | 3 | |
| Goblin Zeppelin | 4 | |
| Chimaera | 13 | |
67 total
» upgrades
| Hippogryph Taming | 1 | |
| Strength of the Moon | 1 | |
| Improved Bows | 1 | |
| Strength of the Wild | 3 | |
| Druid of the Talon Training | 1 | |
| Reinforced Hides | 3 | |
| Corrosive Breath | 1 | |
11 total
» buildings
| Altar of Elders | 2 | |
| Ancient of War | 2 | |
| Moon Well | 11 | |
| Ancient of Wonders | 2 | |
| Tree of Ages | 2 | |
| Hunter's Hall | 2 | |
| Ancient of Wind | 3 | |
| Tree of Life | 5 | |
| Tree of Eternity | 2 | |
| Chimaera Roost | 6 | |
| Ancient Protector | 5 | |
42 total
» build order
00:15 Altar of Elders
00:19 Ancient of War
00:24 Moon Well
01:52 Moon Well
02:28 Ancient of Wonders
03:22 Tree of Ages
04:01 Hunter's Hall
04:25 Moon Well
05:25 Moon Well
05:32 Ancient of War
05:44 Ancient of Wind
05:47 Ancient of Wind
06:28 Moon Well
11:06 Tree of Life
11:41 Tree of Eternity
14:27 Chimaera Roost
14:30 Chimaera Roost
14:35 Chimaera Roost
15:34 Moon Well
16:41 Tree of Life
16:43 Ancient Protector
16:45 Ancient Protector
19:48 Ancient Protector
20:33 Ancient Protector
20:43 Ancient Protector
23:48 Moon Well
28:50 Moon Well
28:52 Moon Well
30:24 Hunter's Hall
30:27 Tree of Ages
30:40 Moon Well
32:21 Altar of Elders
33:02 Ancient of Wind
33:56 Tree of Eternity
34:00 Moon Well
35:01 Tree of Life
36:22 Chimaera Roost
36:26 Chimaera Roost
36:30 Chimaera Roost
36:45 Ancient of Wonders
39:16 Tree of Life
42:25 Tree of Life
» items
| Scroll of Town Portal | 1 | |
| Orb of Venom | 1 | |
2 total
Chat log
(00:08 / All) iliveinjersey: gg
(00:19 / All) iliveinjersey: oj has invisible building hack
(00:30 / Allies) JoRDaN23: wtf is that
(00:30 / All) dumb_retard: i quit using it actually
(00:34 / Allies) Vito: what does that mean
(00:34 / All) iliveinjersey: yea right
(00:39 / All) dumb_retard: got bored with it lol
(00:50 / All) JoRDaN23: thats prob the gayest thing i have ever heard
(01:02 / All) iliveinjersey: u should bs him
(01:07 / All) iliveinjersey: for just ever using that shit
(01:09 / All) iliveinjersey: gayest shit ever
(01:18 / All) dumb_retard: nah it was funny at first
(01:19 / All) iliveinjersey: builds buildings that u cant kill
(01:21 / All) dumb_retard: but afk wars arent fun
(01:24 / All) iliveinjersey: so u dont win ever win
(02:04 / Allies) JoRDaN23: i really dont care i just want to play
(03:46 / All) iliveinjersey: GET OVA HERE
(04:20 / All) dumb_retard: good harass
(05:28 / Allies) Vito: units?
(05:37 / Allies) Tropelet: aa
(05:39 / Allies) Tropelet: for me
(05:58 / Allies) JoRDaN23: i feel like getting air
(06:00 / All) iliveinjersey: tower more
(06:17 / All) Vito: bats
(06:38 / All) dIOS-lORIeN: BAT U MOTHER
(06:58 / Allies) Vito: gimmie strength pink
(07:14 / Allies) Vito: air
(07:21 / Allies) Tropelet: i mass aa
(09:11 / Allies) dumb_retard: their orc going bats
(09:13 / Allies) dumb_retard: dont go air
(09:21 / Allies) JoRDaN23: shit ok
(09:33 / Allies) JoRDaN23: get dotts
(09:46 / Allies) dumb_retard: if you go 0/3 chims
(09:48 / Allies) dumb_retard: thats fine
(09:51 / Allies) dumb_retard: then he has to use way many bats
(09:53 / Allies) dumb_retard: and its bad for him
(10:06 / Allies) JoRDaN23: k ill do dotts n chims after i expo
(10:43 / Allies) dumb_retard: raidrs
(10:50 / Allies) Vito: he went raiders not bats
(10:56 / Allies) dumb_retard: nop
(10:57 / Allies) dumb_retard: 1 bats
(10:58 / Allies) dumb_retard: 1 raiders
(10:59 / Allies) dumb_retard: lol
(11:04 / Allies) dumb_retard: hey u afk?
(11:06 / Allies) dumb_retard: gopnna let ur expo die?
(11:09 / Allies) dumb_retard: i guess its ur call...
(11:16 / Allies) JoRDaN23: tp it
(11:41 / Allies) dumb_retard: wow
(11:43 / Allies) dumb_retard: u going air anyway
(11:47 / Allies) dumb_retard: should i just quit now?
(11:49 / Allies) dumb_retard: thsi game is over already
(11:56 / Allies) JoRDaN23: there not good
(11:58 / All) iliveinjersey: y the fuck u towering everyone
(12:34 / Allies) JoRDaN23: wtf
(12:41 / Allies) JoRDaN23: eh did get bats
(12:43 / Allies) dumb_retard: maybe you coudl go attack those bats with your air
(12:46 / Allies) dumb_retard: yeah i told you that
(12:50 / Allies) dumb_retard: good thing you second guessed me
(12:58 / Allies) dumb_retard: LOL
(13:03 / Allies) dumb_retard: run your useless hipps!
(13:05 / Allies) dumb_retard: go hide them!
(14:32 / Allies) Vito: oj why you freeloading off me
(14:40 / Allies) dumb_retard: thoguht u were gonna hit
(15:11 / Allies) Vito: units guys
(15:12 / Allies) Tropelet: def now my hipps are useless
(15:16 / Allies) Tropelet: right oj?
(16:18 / Allies) dumb_retard: where the hipps at
(17:58 / All) dIOS-lORIeN: FUCKIGN NO0OB
(18:00 / All) dIOS-lORIeN: U DEAD
(18:02 / All) dIOS-lORIeN: REALLY
(18:03 / All) dIOS-lORIeN: DEAD
(18:05 / All) dIOS-lORIeN: NOOOB
(18:34 / Allies) Vito: oj whatcha doing?
(18:37 / Allies) Vito: other than towers
(18:42 / Allies) dumb_retard: trying to secure expos
(19:07 / Allies) dumb_retard: silence the whawks
(19:09 / Allies) dumb_retard: and they cant ensnare
(19:22 / All) dumb_retard: ??
(19:26 / All) Commandz: rofl
(19:28 / All) Commandz: what an idiot
(19:48 / Allies) dumb_retard: avoid tanks with that air
(20:05 / Allies) dumb_retard: undead
(20:07 / Allies) dumb_retard: either go 50 food
(20:08 / Allies) dumb_retard: or 80
(20:11 / Allies) dumb_retard: dont sit right at 55
(20:13 / Allies) dumb_retard: wasting gold income
(20:18 / Allies) Vito: im not at 55?
(20:26 / Allies) dumb_retard: 61*
(20:30 / Allies) dumb_retard: u just now changed to 61
(20:33 / Allies) Vito: im working on it
(20:52 / Allies) dumb_retard: shit hhere they come
(20:58 / Allies) Vito: oj make an army man
(21:13 / Allies) JoRDaN23: bye bye we lost
(21:18 / Allies) dumb_retard: get back
(21:19 / Allies) dumb_retard: into towers
(21:20 / Allies) dumb_retard: get back
(21:21 / Allies) dumb_retard: ge tback
(21:29 / Allies) Vito: not enough towers
(21:31 / Allies) Vito: we lose
(21:32 / Allies) dumb_retard: stay far back
(22:22 / Allies) Vito: how did you think only towers would work again?
(22:27 / Allies) JoRDaN23: pink bring hips
(22:28 / Allies) dumb_retard: i knew youd blame me
(22:32 / Allies) dumb_retard: buyt iff i hadnt towered u elves
(22:34 / Allies) dumb_retard: we would alost to bats
(22:35 / Allies) dumb_retard: long ago
(22:36 / Allies) Vito: well you only made towers
(22:40 / Allies) dumb_retard: was gonna make units
(22:42 / Allies) dumb_retard: when i had the chacne
(22:43 / Allies) Vito: you overkilled towers
(23:04 / Allies) dumb_retard: voer otwers
(23:05 / Allies) dumb_retard: ove rowtrs
(23:26 / All) iliveinjersey: rofl
(23:49 / Allies) dumb_retard: oh come on
(23:52 / Allies) dumb_retard: what are you saving that for?
(23:54 / Allies) dumb_retard: a base raid?
(23:55 / Allies) dumb_retard: its all aa
(23:57 / Allies) dumb_retard: go kill their fuckign air
(24:15 / Allies) JoRDaN23: this game is ova forget it
(24:24 / Allies) Tropelet: wheres ur shit?
(24:25 / Allies) Vito: no shit this was rediculous
(24:30 / Allies) Tropelet: oj?
(24:33 / Allies) dumb_retard: next time ill just let him bat you
(24:35 / Allies) dumb_retard: and go units
(24:39 / Allies) dumb_retard: and then youll leave game silently
(24:41 / Allies) Vito: you should have
(24:47 / Allies) Vito: if he cant make aa fuck him
(24:51 / Allies) dumb_retard: lets go
(24:51 / Allies) dumb_retard: chims
(24:54 / Allies) dumb_retard: fire a volley then back
(26:37 / Allies) Vito: wtf my unit has dizzness
(26:39 / Allies) Vito: what is that
(27:35 / Allies) JoRDaN23: dumbest game
(27:59 / Allies) Vito: give me wood
(28:16 / Allies) Vito: ty
(31:38 / Allies) Tropelet: use ur gold oj
(31:51 / Allies) dumb_retard: ever heard of high upkeep?
(32:02 / Allies) Tropelet: it says low
(32:26 / All) iliveinjersey: wow lol
(32:35 / All) iliveinjersey: told u he cheats
(32:43 / All) iliveinjersey: fuckin nerd
(33:23 / All) iliveinjersey: hes got map hack too lol
(33:44 / All) Commandz: you hack oj?
(34:17 / Allies) JoRDaN23: mass frostys green
(34:46 / Allies) JoRDaN23: haha
(34:50 / Allies) JoRDaN23: he left
(35:10 / Allies) JoRDaN23: make sure they dont get expos game over
(35:18 / All) iliveinjersey: cant win against a nerd hacking in wc3 lol
(35:23 / All) dIOS-lORIeN: YEA
(35:26 / All) dIOS-lORIeN: U HACK
(35:31 / All) iliveinjersey: LOOK AT THAT MAP HACK LOL
(35:34 / All) iliveinjersey: he just knew i was near him
(35:36 / All) iliveinjersey: to use a dust
(35:40 / All) dumb_retard: nerd rage
(35:41 / All) iliveinjersey: fuckin cheating bitch
(35:46 / All) dIOS-lORIeN: U NEED MH FOR WIN NOOB
(35:49 / All) dumb_retard: nerd rage more
(35:51 / All) dumb_retard: nerd rage
(35:55 / All) iliveinjersey: i aint the nerd with all the hacks in a shitty game
(35:59 / All) iliveinjersey: who the fuck hacks in wc3 lolol
(36:00 / All) dumb_retard: bawwww
(36:01 / All) dumb_retard: bawwwwww
(36:05 / All) iliveinjersey: listen to this kid lol
(36:09 / All) iliveinjersey: prob a fat fuck irl
(36:10 / All) dumb_retard: bawww
(36:16 / All) iliveinjersey: if u hack in wc3 i dont wanna kno what u look like irl
(36:23 / All) iliveinjersey: 1 thing for sure is u aint gettin laid
(36:24 / All) iliveinjersey: lolol
(36:26 / All) iliveinjersey: get a fuckin life
(36:33 / All) dumb_retard: nerd rage
(36:34 / Allies) Tropelet: lol
(36:36 / Allies) Tropelet: cry!
(36:38 / All) dumb_retard: cry!
(36:48 / Allies) dumb_retard: seriously
(36:51 / Allies) dumb_retard: if i hadnt massed towers
(36:55 / Allies) dumb_retard: bats would have raped u guys fast
(37:02 / Allies) JoRDaN23: bro probs to you
(37:53 / All) dIOS-lORIeN: NOOB HACKER
(37:58 / All) dumb_retard: crybaby tryhard
(38:02 / All) dumb_retard: furious rat tryhard
(38:05 / All) dIOS-lORIeN: IM RWEPORT
(38:07 / Allies) JoRDaN23: what did u do? i dont get how u hacked
(38:08 / All) dumb_retard: tauren lust and tanks and gryphons, trying hard, dying hard
(38:14 / Allies) dumb_retard: my phoenix
(38:18 / Allies) dumb_retard: only stays in egg form
(38:21 / Allies) dumb_retard: for like .2 seconds
(38:23 / Allies) dumb_retard: lol
(38:25 / Allies) JoRDaN23: oooo
(38:29 / Allies) JoRDaN23: how the hell did u do that
(38:35 / Allies) dumb_retard: by downloading cheats
(38:37 / Allies) dumb_retard: ;)
(38:46 / Allies) JoRDaN23: ha wow
(38:50 / Allies) Tropelet: gold plzz
(38:52 / Allies) JoRDaN23: where hell do u do tht
(39:01 / Allies) Tropelet: ty
(39:17 / All) dumb_retard: 3/3 tanks
(39:18 / All) dumb_retard: rofl
(39:42 / All) dIOS-lORIeN: FENIX NOT INMORTAL
(39:45 / All) dIOS-lORIeN: U USE CHEAT
(39:47 / All) dumb_retard: spic
(40:04 / All) dIOS-lORIeN: CHEATER
(40:38 / All) JoRDaN23: i tihnk he gets it
(41:08 / Allies) Tropelet: behind enemy lines
(41:23 / Allies) dumb_retard: lol earlier
(41:26 / Allies) dumb_retard: he had like 30 gyros
(41:28 / Allies) dumb_retard: on follow mode to his hero
(41:31 / Allies) dumb_retard: so they were all stuck togheter
(41:35 / Allies) dumb_retard: and my pheonix killed them all
(41:37 / Allies) dumb_retard: wiht splash
(41:39 / Allies) dumb_retard: in like 3 hits
(41:42 / All) dIOS-lORIeN: LOL
(41:45 / All) dIOS-lORIeN: MY FENIX
(41:46 / All) dIOS-lORIeN: DEAD
(41:49 / All) dIOS-lORIeN: AND U FENIX
(41:51 / All) dIOS-lORIeN: NEVER DIE
(41:54 / All) dIOS-lORIeN: CHEATER
(41:56 / All) dumb_retard: thats because im white
(41:57 / All) dIOS-lORIeN: IM REPORT
(42:00 / All) dIOS-lORIeN: U
(42:02 / All) dumb_retard: they wont understand
(42:03 / All) dumb_retard: you
(42:05 / All) dumb_retard: so i feel safe
(42:06 / All) dIOS-lORIeN: IM
(42:08 / All) dIOS-lORIeN: REPORT
(42:09 / All) dIOS-lORIeN: U
(42:10 / All) dIOS-lORIeN: NOOB
(42:11 / All) dumb_retard: in english?
(42:12 / All) dIOS-lORIeN: NOOB
(42:14 / All) dIOS-lORIeN: NOOB
(42:17 / All) dIOS-lORIeN: NOOB
(42:18 / All) dumb_retard: you think they uinderstand your report?
(42:21 / All) dIOS-lORIeN: NOOB
(42:22 / All) dumb_retard: they will read your broken english
(42:24 / All) dumb_retard: and laugh
(42:26 / All) dumb_retard: then press DELETE